 Dungeon Crawl Stone Soup version 0.18.1-5-g4a78601 (webtiles) character file.

26346 PossumBlood the Fencer (level 12, 0/112 HPs)
             Began as a Minotaur Fighter on May 12, 2016.
             Was the Champion of Okawaru.
             Slain by a seven-headed hydra (7 damage)
             ... on level 6 of the Lair of Beasts.
             The game lasted 00:42:47 (13552 turns).

PossumBlood the Fencer (Minotaur Fighter)          Turns: 13552, Time: 00:42:47

Health: 0/112      AC: 21    Str: 26    XL:     12   Next: 97%
Magic:  0/11       EV:  8    Int:  5    God:    Okawaru [******]
Gold:   903        SH:  0    Dex: 10    Spells: 0 memorised, 11 levels left

rFire  . . .     SeeInvis +     z - +4 scimitar (flame)
rCold  . . .     Gourm    .     h - +0 plate armour
rNeg   . . .     Faith    .     (no shield)
rPois  .         Spirit   +     (helmet restricted)
rElec  .         Dismiss  .     H - +1 cloak {MR+}
rCorr  .         Reflect  .     d - +0 pair of gloves
SustAt .         Harm     .     (no boots)
MR     +....     Rnd*Tele +     S - amulet of guardian spirit
Stlth  ..........               C - ring of teleportation (curse)
                                o - ring of see invisible

@: lethally poisoned (0 -> -3), somewhat resistant to hostile enchantments,
extremely unstealthy
A: retaliatory headbutt, horns 2
a: Heroism, Finesse, Renounce Religion


You were on level 6 of the Lair of Beasts.
You worshipped Okawaru.
Okawaru was exalted by your worship.
You were not hungry.

You visited 3 branches of the dungeon, and saw 18 of its levels.
You also visited: Ossuary.

You collected 903 gold pieces.

Inventory:

Hand Weapons
 a - a +0 long sword
 m - the +0 great sword of Untimely Demise {slice, rPois rC+ Stlth+}
   (Okawaru gifted it to you on level 5 of the Lair of Beasts)

   It inflicts extra damage upon your enemies.
   It protects you from cold.
   It protects you from poison.
   It makes you more stealthy.
 q - a +1 executioner's axe of chopping
 t - the cursed +0 hand crossbow "Rowa Hep" {velocity, -Tele MP+9 Int-3 Dex+8, unknown}
   (You found it on level 5 of the Lair of Beasts)

   Any bolt fired from it inflicts extra damage.
   It affects your intelligence (-3).
   It affects your dexterity (+8).
   It affects your magic capacity (+9).
   It prevents most forms of teleportation.
   It has a curse placed upon it.
 z - a +4 scimitar of flaming (weapon)
 M - a +1 falchion of flaming
 R - a +4 hunting sling
 V - a +5 triple sword of flaming
Missiles
 e - 18 tomahawks (quivered)
 D - 7 poisoned tomahawks
Armour
 c - a +0 shield
 d - a +0 pair of gloves (worn)
 h - a +0 plate armour (worn)
 H - a +1 cloak of magic resistance (worn)
Jewellery
 b - an uncursed ring of resist corrosion {unknown}
 o - a ring of see invisible (left hand)
 C - a cursed ring of teleportation (right hand)
 F - an uncursed amulet of the gourmand
 N - an uncursed ring of protection from magic {unknown}
 P - an uncursed ring of wizardry {unknown}
 S - an amulet of guardian spirit (around neck)
 W - an uncursed ring of protection from cold {unknown}
 X - an uncursed ring of sustain attributes {unknown}
 Z - an uncursed ring of protection from cold {unknown}
Wands
 v - a wand of polymorph (9/24)
 O - a wand of digging (6/24)
Scrolls
 j - 6 scrolls of teleportation
 y - 5 scrolls of recharging
 A - a scroll of fog
 T - a scroll of holy word
Potions
 g - 3 potions of might
 i - 5 potions of agility
 k - 8 potions of curing
 l - a potion of invisibility
 n - 3 potions of degeneration {unknown}
 p - 2 potions of cancellation {unknown}
 r - a potion of cure mutation {unknown}
 u - 4 potions of haste {unknown}
 w - 4 potions of flight {unknown}
 x - 3 potions of mutation
 B - 4 potions of brilliance
 G - a potion of ambrosia {unknown}
 J - 2 potions of magic {unknown}
 Q - 3 potions of berserk rage {unknown}
 Y - a potion of lignification {unknown}
Books
 U - a book of Air

   Spells                             Type                      Level
   a - Shock                          Conjuration/Air              1
   b - Swiftness                      Charms/Air                   2
   c - Repel Missiles                 Charms/Air                   2
   d - Static Discharge               Conjuration/Air              3
   e - Lightning Bolt                 Conjuration/Air              5
Comestibles
 f - a bread ration
 E - 2 beef jerkies
 I - 3 meat rations
 K - 9 slices of pizza
 L - 14 fruits


   Skills:
 - Level 12.0 Fighting
 * Level 17.0 Long Blades
 - Level 15.0 Armour
 - Level 3.6 Shields


You had 11 spell levels left.
You didn't know any spells.

Dungeon Overview and Level Annotations

Branches:
Dungeon (11/15)            Temple (1/1) D:4            Lair (6/8) D:9
 Shoals (0/4) Lair:6        Snake (0/4) Lair:6
  Slime: Lair:6-8       Orc: D:9-12

Altars:
Ashenzari
Cheibriados
Dithmenos
Elyvilon
Fedhas
Gozag
Kikubaaqudgha
Nemelex Xobeh
Okawaru
Pakellas
Qazlal
Ru
Sif Muna
Trog
Vehumet
Xom
Yredelemnul
Zin
The Shining One

Shops:
D:7 [   D:8 [   D:9 (

Annotations:
D:5 Dowan


Innate Abilities, Weirdness & Mutations

You reflexively headbutt those who attack you in melee.
You have a pair of horns on your head.


Message History

Your +4 scimitar of flaming bursts into flame!
z - a +4 scimitar of flaming (weapon)
You feel sick. The seven-headed hydra bites you.
* * * LOW HITPOINT WARNING * * *
The seven-headed hydra bites you but does no damage.
The seven-headed hydra completely misses you.
The seven-headed hydra bites you but does no damage. x3
The seven-headed hydra closely misses you.
Drink which item? (? for menu, Esc to quit)
You feel much better.
You feel sick.
The seven-headed hydra bites you but does no damage. x2
The seven-headed hydra bites you.
* * * LOW HITPOINT WARNING * * *
The seven-headed hydra bites you!
* * * LOW HITPOINT WARNING * * *
The seven-headed hydra bites you but does no damage.
The seven-headed hydra bites you!
* * * LOW HITPOINT WARNING * * *
The seven-headed hydra bites you!
You die...

#..............
...............
........>......
...............
...............
...............
P..............
♣#
......†@......♣
♣.
.......D......♣
♣♣♣
#............♣♣
♣.♣
#............♣
♣.
#.#..........P♣
♣♣
##.#.........♣♣
♣
###..P..P#....
♣♣♣♣
##...PP...♣♣
♣♣♣P♣.


PP.P P♣♣P. You could see a seven-headed hydra.

Vanquished Creatures
  Josephine (Lair:5)
  2 hydras
  Harold (Lair:2)
  Erica (D:8)
  The ghost of jehirs the Cleaver, a novice FoAK of Lugonu (D:7)
  Pikel (D:6)
  5 elephants (Lair:6)
  Joseph (Lair:1)
  2 black mambas
  Psyche (D:8)
  8 spiny frogs
  2 rime drakes
  9 komodo dragons
  A troll (D:9)
  A two-headed ogre (D:8)
  Prince Ribbit (D:8)
  4 wraiths (Lair:5)
  30 yaks
  A wyvern (Lair:3)
  3 basilisks
  2 hippogriffs
  A hungry ghost (D:8)
  Menkaure (D:5)
  11 water moccasins
  8 porcupines
  Duvessa (D:5)
  2 sky beasts (D:8)
  An orc warrior (D:3)
  An ice beast (D:5)
  A slave (D:6)
  2 phantoms
  3 ogres (D:7)
  A wolf (Lair:6)
  2 centaurs
  3 crocodiles
  3 big kobolds (D:9)
  13 giant frogs
  2 elf zombies (Ossuary)
  A scorpion (D:7)
  8 killer bees
  3 wights (D:9)
  2 electric eels (Lair:1)
  5 howler monkeys
  A centaur zombie (Ossuary)
  3 crimson imps
  2 giant frog zombies (D:9)
  6 hounds
  2 orc priests
  3 giant frog skeletons
  A jelly (D:6)
  7 iguanas
  4 worker ants
  8 orc wizards
  20 sheep
  3 big kobold zombies (Ossuary)
  A hound zombie (D:6)
  A hound skeleton (D:9)
  3 mummies
  Robin (D:3)
  4 gnolls (D:9)
  12 river rats
  7 adders
  3 shadow imps
  An ooze (D:4)
  An adder zombie (D:8)
  4 adder skeletons
  4 worms
  3 dart slugs
  7 giant geckos
  32 orcs
  3 giant cockroaches
  12 goblins
  12 hobgoblins
  19 jackals
  4 kobolds
  2 quokkas
  6 bats
  A giant gecko skeleton (D:6)
  3 giant newts
  A goblin zombie (Ossuary)
  9 hobgoblin zombies (Ossuary)
  2 jackal zombies (Ossuary)
  10 kobold zombies (Ossuary)
  7 orc zombies (Ossuary)
  3 rats
  A rat zombie (Ossuary)
392 creatures vanquished.

Vanquished Creatures (others)
  A giant cockroach (D:6)
  A bush (Lair:6)
  5 fungi
  3 plants
10 creatures vanquished.

Grand Total: 402 creatures vanquished

Notes
Turn   | Place    | Note
--------------------------------------------------------------
     0 | D:1      | PossumBlood the Minotaur Fighter began the quest for the Orb.
     0 | D:1      | Reached XP level 1. HP: 19/19 MP: 0/0
   232 | D:1      | Reached skill level 3 in Long Blades
   289 | D:1      | Reached XP level 2. HP: 26/26 MP: 1/1
   640 | D:2      | Reached skill level 4 in Long Blades
   645 | D:2      | Reached XP level 3. HP: 29/31 MP: 2/2
   829 | D:2      | Found a glowing golden altar of the Shining One.
   938 | D:2      | Reached skill level 5 in Long Blades
  1058 | D:3      | Noticed Robin
  1069 | D:3      | Killed Robin
  1069 | D:3      | Reached XP level 4. HP: 39/39 MP: 3/3
  1153 | D:3      | Noticed an orc warrior
  1169 | D:3      | Killed an orc warrior
  1169 | D:3      | Reached skill level 6 in Long Blades
  1169 | D:3      | Reached XP level 5. HP: 30/45 MP: 4/4
  1180 | D:3      | Reached skill level 7 in Long Blades
  1311 | D:3      | Reached XP level 6. HP: 53/53 MP: 5/5
  1573 | D:3      | Found a radiant altar of Vehumet.
  1776 | D:4      | Reached skill level 5 in Fighting
  2038 | D:4      | Found a shadowy altar of Dithmenos.
  2038 | D:4      | Found an opulent altar of Gozag.
  2119 | D:4      | Found a staircase to the Ecumenical Temple.
  2129 | Temple   | Entered the Ecumenical Temple
  2137 | Temple   | Became a worshipper of Warmaster Okawaru
  2484 | D:4      | Got a fine robe
  2540 | D:4      | Identified the +0 robe of Altruism {Dex+2} (You found it on level 4 of the Dungeon)
  2694 | D:5      | Entered Level 5 of the Dungeon
  2702 | D:5      | Found a sand-covered staircase.
  2710 | Ossuary  | Entered an ossuary
  2806 | Ossuary  | Reached XP level 7. HP: 41/64 MP: 6/6
  2817 | Ossuary  | Reached * piety under Okawaru
  3447 | D:5      | Reached skill level 5 in Armour
  3487 | D:5      | Reached ** piety under Okawaru
  3527 | D:5      | Noticed Duvessa
  3528 | D:5      | Noticed Dowan
  3533 | D:5      | Killed Duvessa
  3533 | D:5      | Reached XP level 8. HP: 73/74 MP: 7/7
  3628 | D:5      | Noticed Menkaure
  3639 | D:5      | Killed Menkaure
  4149 | D:6      | Reached skill level 8 in Long Blades
  4268 | D:6      | Found a shimmering altar of Xom.
  4271 | D:6      | Found a snail-covered altar of Cheibriados.
  4382 | D:6      | Found a snail-covered altar of Cheibriados.
  4431 | D:6      | Noticed Pikel
  4448 | D:6      | Killed Pikel
  4448 | D:6      | Reached *** piety under Okawaru
  4448 | D:6      | Reached skill level 9 in Long Blades
  4481 | D:6      | Reached skill level 10 in Long Blades
  4481 | D:6      | Reached XP level 9. HP: 67/81 MP: 8/8
  4566 | D:6      | Found a sacrificial altar of Ru.
  5210 | D:7      | Reached skill level 11 in Long Blades
  5235 | D:7      | Found Vikahiwe's Armour Boutique.
  5280 | D:7      | Noticed jehirs's ghost (novice FoAK)
  5327 | D:7      | Killed jehirs's ghost
  5327 | D:7      | Reached skill level 12 in Long Blades
  5591 | D:7      | Reached skill level 13 in Long Blades
  5600 | D:7      | Reached **** piety under Okawaru
  6452 | D:8      | Noticed Psyche
  6469 | D:8      | Killed Psyche
  6469 | D:8      | Reached XP level 10. HP: 88/88 MP: 9/9
  6544 | D:8      | Found Fokefu's Antique Armour Shop.
  6545 | D:8      | Noticed Prince Ribbit
  6579 | D:8      | Killed Prince Ribbit
  6602 | D:8      | Noticed Erica
  6622 | D:8      | Killed Erica
  6622 | D:8      | Reached skill level 14 in Long Blades
  6740 | D:8      | Reached ***** piety under Okawaru
  6815 | D:8      | You fall through a shaft for 3 floors!
  6876 | D:10     | Entered Level 10 of the Dungeon
  6989 | D:8      | Received a gift from Okawaru
  6989 | D:8      | Reached skill level 10 in Fighting
  7759 | D:9      | Found Afupp's Weapon Boutique.
  7866 | D:9      | Reached XP level 11. HP: 104/104 MP: 10/10
  7905 | D:9      | Found a staircase to the Lair.
  8056 | D:9      | Noticed a two-headed hydra
  8059 | D:9      | Killed a one-headed hydra
  8217 | Lair:1   | Entered Level 1 of the Lair of Beasts
  8337 | Lair:1   | Reached skill level 10 in Armour
  8339 | Lair:1   | Found a bloodstained altar of Trog.
  8391 | Lair:1   | Noticed Joseph
  8404 | Lair:1   | Killed Joseph
  9330 | Lair:2   | Received a gift from Okawaru
  9362 | Lair:2   | Noticed Harold
  9373 | Lair:2   | Killed Harold
 10204 | Lair:3   | Got an ancient trident
 10689 | Lair:4   | Reached XP level 12. HP: 98/112 MP: 11/11
 11090 | Lair:4   | Identified the cursed +0 trident of the Fox {drain, rF+} (You found it on level 3 of the Lair of Beasts)
 11311 | Lair:5   | Reached ****** piety under Okawaru
 11352 | Lair:5   | Noticed Josephine
 11367 | Lair:5   | Killed Josephine
 11367 | Lair:5   | Received a gift from Okawaru
 11374 | Lair:5   | Reached skill level 15 in Armour
 11385 | Lair:5   | Got an ichor-stained great sword {god gift}
 11582 | Lair:5   | Identified the +0 great sword of Untimely Demise {slice, rPois rC+ Stlth+} (Okawaru gifted it to you on level 5 of the Lair of Beasts)
 11987 | Lair:5   | Reached skill level 15 in Long Blades
 12644 | Lair:5   | Got a twisted hand crossbow
 13044 | Lair:6   | Found a staircase to the Shoals.
 13048 | Lair:6   | Found a staircase to the Snake Pit.
 13056 | Lair:6   | Reached skill level 16 in Long Blades
 13425 | Lair:6   | Received a gift from Okawaru
 13539 | Lair:6   | Noticed an eight-headed hydra
 13539 | Lair:6   | Noticed a five-headed hydra
 13548 | Lair:6   | Killed a seven-headed hydra
 13548 | Lair:6   | Reached skill level 17 in Long Blades
 13552 | Lair:6   | Slain by a seven-headed hydra

Skill      XL: |  1  2  3  4  5  6  7  8  9 10 11 12 |
---------------+-------------------------------------+-----
Long Blades    | 3 4 5 6 7 10 13 14 17 | 17.0
Fighting       | 4 6 8 12 | 12.0
Armour         | 6 8 13 15 | 15.0
Shields        | |  3.6

Action                   |  1- 3 |  4- 6 |  7- 9 | 10-12 || total
-------------------------+-------+-------+-------+-------++-------
Melee: Long sword        |    89 |   225 |   384 |    25 ||   723
       Headbutt          |    14 |    41 |    98 |   136 ||   289
       Scimitar          |       |       |       |   456 ||   456
       Great sword       |       |       |       |   195 ||   195
       Triple sword      |       |       |       |     3 ||     3
Invok: Heroism           |       |       |       |     1 ||     1
  Use: Scroll            |     7 |     2 |     3 |    12 ||    24
       Potion            |       |     2 |       |     3 ||     5
  Eat: Bread ration      |       |     2 |     2 |     4 ||     8
       Royal jelly       |       |       |     1 |       ||     1
       Meat ration       |       |       |       |     1 ||     1
       Fruit             |       |       |       |     6 ||     6
Armor: Plate armour      |    56 |   189 |   202 |   431 ||   878
       Scale mail        |     4 |       |       |       ||     4
Dodge: Dodged            |    17 |    42 |    61 |   189 ||   309
Block: Shield            |    54 |   160 |   189 |   225 ||   628
